AoeStats
← rookister

Arena

507853653Analyzed
4v4 RM · 11d ago on Sep 19, 2026· 51m 21s· 8 players
Game mode
Random Map
Map size
Large (8 player)
Population
200
Speed
Normal
Resources
Standard
Victory
Conquest
Starting age
Dark Age
Ending age
Imperial Age
RankedLock teamsTeams togetherTeam positionsShared explorationLock speedFull tech treeHidden civsTurbo modeCheats
Victory
Defeat
🇦🇷 Ethiopians · Argentina
1051
+13
🇦🇷 Turks · Argentina
1035
+13
🇵🇰 Inca · Pakistan
1014
+14
🇵🇰 Japanese · Pakistan
824
+22
🇲🇽 Spanish · Mexico
999
-17
🇳🇱 Italians · Netherlands
993
-16
🇨🇦 Portuguese · Canada
949
-15
🇲🇽 Byzantines · Mexico
939
-14
basvanhaalen
3:27 Loom
10:50 Feudal Age
12:19 Double-Bit Axe
15:20 Castle Age
15:25 Horse Collar
16:33 Bow Saw
21:59 Heavy Plow
22:52 Wheelbarrow
23:46 Hand Cart
23:35 Fletching
26:52 Squires
26:16 Man-at-Arms
27:26 Forging
27:17 Scale Mail Armor
27:13 Bodkin Arrow
27:59 Long Swordsman
29:56 Iron Casting
30:51 Gold Mining
30:51 Stone Mining
36:37 Imperial Age
Too Many Monks
9:30 Loom
11:39 Feudal Age
15:30 Castle Age
14:23 Double-Bit Axe
16:15 Horse Collar
16:47 Bow Saw
20:10 Wheelbarrow
21:16 Heavy Plow
28:26 Imperial Age
31:05 Imperial Age
Daikuangel
11:41 Feudal Age
16:55 Castle Age
16:26 Wheelbarrow
15:39 Horse Collar
15:49 Double-Bit Axe
17:22 Wheelbarrow
17:40 Padded Archer Armor
18:04 Fletching
25:47 Elite Skirmisher
28:45 Leather Archer Armor
29:51 Ballistics
ARToT | lokiwinne
3:54 Loom
12:47 Feudal Age
13:31 Town Watch
14:55 Wheelbarrow
18:02 Castle Age
16:38 Double-Bit Axe
17:01 Horse Collar
25:58 Heavy Plow
31:12 Imperial Age
29:08 Scale Mail Armor
29:45 Bow Saw
29:26 Pikeman
30:07 Squires
29:52 Arson
30:56 Ballistics
30:58 Scale Barding Armor
31:04 Forging
31:04 Fletching
32:05 Chain Barding Armor
33:08 Iron Casting
31:55 Cavalier
32:52 Bloodlines
33:17 Conscription
33:21 Masonry
33:50 Hand Cart
35:18 Husbandry
35:11 Light Cavalry
36:05 Hussar
39:02 Blast Furnace
41:43 Fletching
45:06 Plate Barding Armor
rookister
12:05 Feudal Age
10:22 Loom
16:06 Castle Age
17:51 Forging
17:41 Scale Mail Armor
19:26 Iron Casting
21:32 Chain Mail Armor
30:58 Squires
30:44 Arson
46:25 Imperial Age
46:40 Elite Samurai
50:27 Blast Furnace
49:57 Plate Mail Armor
stink
11:22 Feudal Age
15:09 Castle Age
13:30 Double-Bit Axe
13:48 Horse Collar
18:15 Bow Saw
22:45 Scale Mail Armor
24:18 Chain Mail Armor
27:10 Forging
46:24 Iron Casting
46:37 Iron Casting
47:39 Squires
yeSenpai
12:31 Feudal Age
16:22 Castle Age
15:18 Double-Bit Axe
15:28 Gold Mining
20:55 Imperial Age
20:27 Loom
29:36 Padded Archer Armor
KGUY1
10:44 Feudal Age
14:47 Castle Age
13:02 Double-Bit Axe
13:07 Horse Collar
16:05 Scale Mail Armor
16:48 Bow Saw
21:07 Chain Mail Armor
21:03 Forging
26:15 Arson
26:31 Squires
28:33 Wheelbarrow
27:43 Town Watch
30:56 Royal Heirs
31:52 Iron Casting
35:22 Loom
38:17 Imperial Age
39:03 Elite Shotel Warrior
40:06 Conscription
41:33 Plate Mail Armor
42:04 Blast Furnace
45:05 Spies/Treason
49:08 Scale Barding Armor
49:42 Heavy Camel Rider
50:50 Husbandry
Connection lost

Rejoining the realm…

Still unreachable

The connection could not be restored.

Session expired

The server has moved on; the page needs a fresh start.